 Dungeon Crawl Stone Soup version 0.28.0-45-g0d030f2227 (webtiles) character file.

Game seed: 1682418840354974017

189 101zpm the Covered (level 5, -8/33 HPs)
             Began as a Gargoyle Fighter on Apr 10, 2022.
             Mangled by Sigmund
             ... wielding a +7 scythe
              (16 damage)
             ... on level 2 of the Dungeon.
             The game lasted 00:04:35 (3148 turns).

101zpm the Covered (Gargoyle Fighter)               Turns: 3148, Time: 00:04:35

Health: -8/33      AC:  0    Str: 22    XL:     5   Next: 68%
Magic:  5/5        EV: 13    Int:  8    God:
Gold:   148        SH:  0    Dex:  9    Spells: 4/4 levels left

rFire   . . .      SeeInvis .   (weapon currently unavailable)
rCold   . . .      Faith    .   (shield currently unavailable)
rNeg    + . .      Spirit   .   (armour currently unavailable)
rPois   ∞          Reflect  .   (helmet currently unavailable)
rElec   .          Harm     .   (cloak currently unavailable)
rCorr   .          Rampage  .   (gloves currently unavailable)
Will    .....                   (boots currently unavailable)
Stlth   +.........              (no amulet)
HPRegen 0.11/turn               (ring currently unavailable)
MPRegen 0.09/turn               (ring currently unavailable)

@: pig-form, very quick
A: fast, no casting, sickness immunity, AC +4, small, negative energy resistance
1, (electricity resistance), torment resistance 1, petrification resistance
a: no special abilities


You were on level 2 of the Dungeon.
You were a filthy swine.
You visited 1 branch of the dungeon, and saw 4 of its levels.

You collected 148 gold pieces.

Inventory:

Hand Weapons
 a - a +0 flail
 q - the +7 long sword of the Screaming Pill Bug (melded) {holy, rF+}
   (You found it on level 4 of the Dungeon)

   It has been blessed by the Shining One to cause great damage to the undead
   and demons.
   rF:        It protects you from fire.
Missiles
 j - 18 poisoned darts (quivered)
 k - 23 bolts
 l - 63 arrows
Armour
 b - a +0 scale mail (melded)
 c - a +0 buckler (melded)
Jewellery
 p - a +4 ring of evasion
Wands
 m - a wand of digging (8)
 r - a wand of acid (7)
Scrolls
 f - a scroll of identify {unknown}
 g - a scroll of torment {unknown}
 h - a scroll of fog {unknown}
 i - 5 scrolls of teleportation {unknown}
 u - a scroll of fear {unknown}
Potions
 d - 2 potions of might
 e - a potion of lignification {unknown}
 n - a potion of mutation {unknown}
 o - 3 potions of magic {unknown}
 s - a potion of heal wounds {unknown}
 t - a potion of curing {unknown}


   Skills:
 + Level 4.0 Fighting
 + Level 1.2 Long Blades
 + Level 3.2 Maces & Flails
 + Level 4.3 Armour
 + Level 0.9 Dodging
 + Level 1.2 Stealth
 + Level 3.9 Shields


You had 4 spell levels left.
You didn't know any spells.
Your spell library contained the following spells:

 Spells                   Type           Power      Damage    Failure   Level
 Ensorcelled Hibernation  Hex/Ice        0%         N/A       54%         2
 Passwall                 Tmut/Erth      0%         N/A       54%         2
 Swiftness                Air            0%         N/A       78%         3
 Dispersal                Tloc           0%         N/A       100%        6
 Disjunction              Tloc           0%         N/A       100%        8


Dungeon Overview and Level Annotations

Branches:
Dungeon (4/15)
 Temple: D:4-7

Altars:

Shops:
D:1 [

Annotations:
D:2 Sigmund


Innate Abilities, Weirdness & Mutations

You are a filthy swine.
You move quickly.
Your equipment is almost entirely melded.
You are incapable of wielding weapons or throwing items.
You cannot cast spells.
You are immune to sickness and miasma.
((Your stone body is resilient. (AC +4)))
You are immune to poison.
You resist negative energy. (rN+)
((You are resistant to electric shocks. (rElec)))
You are resistant to unholy torment.
You are immune to petrification.


Message History

Sigmund is lightly wounded.
Sigmund gestures wildly while chanting.
Sigmund flickers and vanishes!
Deactivating autopickup; reactivate with Ctrl-A.
No target in view!
No target in view!
No target in view!
No target in view!
No target in view!
No target in view!
No target in view!
No target in view!
No target in view!
No target in view!
No target in view!
No target in view!
No target in view!
No target in view!
No target in view!
No target in view!
There is a strange disturbance nearby!
You hit something.
You hear a zap.
You turn into a filthy swine.
The +7 long sword of the Screaming Pill Bug {holy, rF+} melds into your body.
Your +0 buckler melds into your body.
Your +0 scale mail melds into your body.
The +7 long sword of the Screaming Pill Bug {holy, rF+} stops glowing.
You closely miss something. Something hits you!
You miss something.
You hear some strange, mumbled words.
Something tries to affect you, but you resist.
You barely miss something. Something barely misses you.
You closely miss something. You closely miss something. Something hits you!
* * * LOW HITPOINT WARNING * * *
You closely miss something. Something barely misses you.
You closely miss something. Something hits you!
You die...

#........#
#........#
######.###
#######..#
#........##
#......#..#
#..###.#.{##
#.
#.....######
###..h.....#
...<....##.###
#.####.#. ..
#.#.# ## ..#..
... ### ...
....


There were no monsters in sight!

Vanquished Creatures
  An orc priest (D:3)
  A centaur skeleton (D:4)
  An iguana (D:4)
  2 hound skeletons (D:4)
  An adder (D:2)
  An adder skeleton (D:4)
  A worm (D:3)
  4 orcs
  2 ball pythons (D:1)
  6 bats
  6 endoplasms
  A giant cockroach (D:1)
  4 goblins
  7 hobgoblins
  6 jackals (D:3)
  A quokka (D:1)
  2 frilled lizards (D:1)
  3 kobolds
  6 rats
56 creatures vanquished.

Notes
Turn   | Place    | Note
-------+----------+-------------------------------------------
     0 | D:1      | 101zpm the Gargoyle Fighter began the quest for the Orb.
     0 | D:1      | Reached XP level 1. HP: 14/14 MP: 1/1
   256 | D:1      | Reached XP level 2. HP: 19/19 MP: 2/2
   359 | D:1      | Found Moclye Ofal's Armour Shop.
   470 | D:1      | Reached XP level 3. HP: 17/23 MP: 3/3
  1352 | D:2      | Noticed Sigmund
  1566 | D:3      | Found a faded altar of an unknown god.
  2063 | D:4      | Identified the +7 long sword of the Screaming Pill Bug
                  | {holy, rF+}
  2153 | D:4      | Reached XP level 4. HP: 29/29 MP: 4/4
  2205 | D:4      | Reached skill level 1 in Stealth
  2292 | D:4      | Reached XP level 5. HP: 33/33 MP: 5/5
  2631 | D:3      | Reached skill level 1 in Long Blades
  3148 | D:2      | Mangled by Sigmund

Illustrated notes

Levels and vault maps discovered:
D:1:      dpeg_arrival_more_subterranean_lakeside_camping, layout_basic,
          serial_shops, nicolae_shop_statue_plus, minmay_tromino_v4_c
D:2:      layout_basic, kennysheep_nub, uniq_sigmund
D:3:      layout_basic, chequers_ecumenical_altar_island, solitary_fountain,
          minivault_19
D:4:      layout_rooms, dk_rats_in_the_wall

Skill      XL: |  1  2  3  4  5 |
---------------+----------------+-----
Maces & Flails | 3 |  3.2
Armour         | 4 |  4.3
Stealth        | 1 |  1.2
Fighting       | 4 |  4.0
Long Blades    | 1 |  1.2
Dodging        | |  0.9
Shields        | |  3.9

Action                   |  1- 3 |  4- 6 || total
-------------------------+-------+-------++-------
Melee: Flail             |   131 |       ||   131
       Long sword        |     5 |    40 ||    45
       Unarmed           |       |     7 ||     7
Armor: Scale mail        |   101 |    24 ||   125
       Skin              |     1 |       ||     1
Dodge: Dodged            |   111 |    33 ||   144
Block: Buckler           |    38 |    11 ||    49
